 Dungeon Crawl Stone Soup version 0.29.0-4-gdea44cf6ec (webtiles) character file.

Game seed: 3500895569658484861

1523 qw the Cleaver (level 8, -17/70 HPs)
             Began as a Minotaur Berserker on Sept 6, 2022.
             Was a Priest of Trog.
             Killed from afar by a steam dragon (20 damage)
             ... with a ball of steam
             ... on level 7 of the Dungeon.
             The game lasted 00:02:00 (6744 turns).

qw the Cleaver (Minotaur Berserker)                 Turns: 6744, Time: 00:02:01

Health: -17/70     AC: 16    Str: 24    XL:     8   Next: 54%
Magic:  7/7        EV: 10    Int:  4    God:    Trog [***...]
Gold:   399        SH:  4    Dex: 10    Spells: 7/7 levels left

rFire   . . .      SeeInvis +   Y - +0 hand axe
rCold   + . .      Faith    .   o - +0 buckler
rNeg    . . .      Spirit   .   l - +7 Kryia's mail coat {PotionHeal*2 rC+}
rPois   .          Reflect  .   (helmet restricted)
rElec   .          Harm     .   (no cloak)
rCorr   .          Rampage  .   j - +0 pair of gloves
Will    .....                   e - +0 pair of boots
Stlth   ..........              (no amulet)
HPRegen 0.21/turn               b - ring of see invisible
MPRegen 0.10/turn               (no ring)

@: mesmerised
A: horns 2, retaliatory headbutt
a: Renounce Religion, Berserk, Trog's Hand


You were on level 7 of the Dungeon.
You worshipped Trog.
Trog was most pleased with you.
You visited 1 branch of the dungeon, and saw 7 of its levels.

You collected 419 gold pieces.
You spent 20 gold pieces at shops.


Innate Abilities, Weirdness & Mutations

You have a pair of horns on your head.
You reflexively headbutt those who attack you in melee.


   Skills:
 - Level 6.2 Fighting
 - Level 11.1 Axes
 - Level 2.1 Throwing
 - Level 3.5 Armour
 - Level 2.1 Dodging
 + Level 3.2 Shields


You had 7 spell levels left.
You didn't know any spells.
Your spell library was empty.

Inventory:

Hand Weapons
 m - a +0 flail
 Y - a +0 hand axe (weapon)
Missiles
 g - 5 boomerangs (quivered)
 n - 2 javelins
Armour
 e - a +0 pair of boots (worn)
 j - a +0 pair of gloves (worn)
 l - the +7 Kryia's mail coat (worn) {PotionHeal*2 rC+}
   (You found it on level 3 of the Dungeon)

   Potions are twice as effective at healing its wearer.
   rC:        It protects you from cold.
 o - a +0 buckler (worn)
Jewellery
 b - a ring of see invisible (left hand)
 c - a ring of see invisible
Scrolls
 h - 2 scrolls of identify
 k - 2 scrolls of teleportation
Potions
 a - 7 potions of curing
 d - a potion of cancellation
 f - a potion of might
 q - a potion of haste
 r - 2 potions of heal wounds

Dungeon Overview and Level Annotations

Branches:
Dungeon (7/15)
 Temple: D:4-7

Altars:
Ashenzari
Trog
Vehumet

Shops:
D:1 *

Annotations:
D:7 Maggie


Message History

You completely miss Maggie.
Maggie is lightly wounded.
You hit the steam dragon but do no damage.
Maggie closely misses you. The steam dragon bites you.
You block the steam dragon's attack.
You slash Maggie!
Maggie is moderately wounded.
You hit the steam dragon but do no damage.
You barely miss Maggie.
Maggie is moderately wounded.
You hit the steam dragon. You block Maggie's attack.
The steam dragon breathes steam at you. The ball of steam hits you.
You hit Maggie. Your headbutt misses Maggie.
Maggie is moderately wounded.
You barely miss the steam dragon.
Maggie points at you and mumbles some strange words.
The bolt of fire hits you!!
The steam dragon bites you but does no damage.
The steam dragon claws you.
You hit Maggie. You headbutt Maggie.
Maggie is heavily wounded.
You hit the steam dragon but do no damage.
The steam dragon bites you but does no damage.
The steam dragon claws you but does no damage.
Maggie hits you with a +0 scimitar of flaming!
Maggie burns you.
You hit Maggie. Your headbutt misses Maggie.
Maggie is heavily wounded.
You hit the steam dragon. You completely miss Maggie. You headbutt Maggie!
Maggie is severely wounded.
You closely miss the steam dragon.
You are engulfed in a cloud of scalding steam.
Maggie casts a spell at you. The bolt of fire hits you!
The steam dragon breathes steam at you. The ball of steam hits you!!
You die...

######### .....
#.......# .....
#.##.#### ......
###.##.##### ......
.....#.....# #####..[...
###..#.....# #..........
...........# #.¤¤@...#
##...#.##### #¤¤@D...#
.....#.#######.......#
........................
.....#.#######.......###
#...(...... ....$....>
.....#.#### ##......##.#
.....#.# #......# #
.......# ######.#
##...### .#


You could see Maggie (mesmerising) and a steam dragon (catching breath).

Vanquished Creatures
  A water moccasin (D:7)
  3 black bears
  An ogre (D:4)
  2 centaurs
  A scorpion (D:4)
  2 bullfrogs
  4 wights (D:6)
  2 hounds (D:5)
  An orc priest (D:5)
  Ijyb (D:3)
  3 iguanas
  Natasha (twice) (D:3)
  2 orc wizards (D:5)
  Robin (D:3)
  5 adders
  2 shadow imps
  2 white imps
  2 ufetubi
  2 dart slugs
  8 orcs
  5 endoplasms
  4 giant cockroaches
  15 goblins
  11 hobgoblins
  4 jackals
  4 quokkas
  3 ball pythons (D:1)
  3 bats
  3 frilled lizards
  7 kobolds
  12 rats
118 creatures vanquished.

Notes
Turn   | Place    | Note
-------+----------+-------------------------------------------
     0 | D:1      | qw the Minotaur Berserker began the quest for the Orb.
     0 | D:1      | Reached XP level 1. HP: 19/19 MP: 0/0
     0 | D:1      | 0 ||| qw: Version: 0.1-a-107-g9ff403c
     0 | D:1      | 0 ||| qw: Game counter: 6177
     0 | D:1      | 0 ||| qw: Always use a shield: true
     0 | D:1      | 0 ||| qw: Do Orc after D:15 true
     0 | D:1      | 0 ||| qw: Do second Lair branch before Depths: true
     0 | D:1      | 0 ||| qw: Lair rune preference: random
     0 | D:1      | 0 ||| qw: Plans: Normal
     0 | D:1      | 0 ||| PLANNING D:1-11
    98 | D:1      | Reached skill level 4 in Axes
   172 | D:1      | Reached XP level 2. HP: 22/26 MP: 1/1
   286 | D:1      | Found a faded altar of an unknown god.
   395 | D:1      | Found Tezuin's General Store.
   398 | D:1      | 398 ||| SHOPLISTING scroll of enchant armour (75 gold, have
                  | 37).
   398 | D:1      | 398 ||| BUYING scroll of identify (20 gold).
   398 | D:1      | Bought a scroll of identify for 20 gold pieces
   803 | D:1      | 803 ||| UPGRADING to +0 ring mail.
   813 | D:1      | 813 ||| DROPPING +0 animal skin.
   814 | D:1      | 814 ||| READING 2 scrolls labelled IFAONARUSH.
   815 | D:1      | 815 ||| READING scroll labelled UZOOSAGROWK.
   816 | D:1      | 816 ||| DROPPING scroll of immolation.
   845 | D:2      | 845 ||| STAIRDANCE
   980 | D:2      | 980 ||| Stepping ~*~*~tactically~*~*~ (hiding).
   982 | D:2      | Reached skill level 5 in Axes
  1064 | D:2      | Reached ** piety under Trog
  1128 | D:2      | Reached XP level 3. HP: 31/31 MP: 2/2
  1179 | D:2      | 1179 ||| Stepping ~*~*~tactically~*~*~ (hiding).
  1181 | D:2      | 1181 ||| Stepping ~*~*~tactically~*~*~ (hiding).
  1590 | D:2      | 1590 ||| DROPPING +0 club.
  1675 | D:2      | 1675 ||| UPGRADING to +0 pair of boots.
  1680 | D:2      | 1680 ||| UPGRADING to ring of see invisible.
  1681 | D:2      | 1681 ||| READING scroll labelled FEULUF UNIH.
  1734 | D:3      | Found a broken altar of Ashenzari.
  1826 | D:3      | 1826 ||| Stepping ~*~*~tactically~*~*~ (hiding).
  1897 | D:3      | 1897 ||| Stepping ~*~*~tactically~*~*~ (stealth).
  1901 | D:3      | 1901 ||| Stepping ~*~*~tactically~*~*~ (stealth).
  1919 | D:3      | Identified the +2 helmet "Cioskirphi" {rC- rN++}
  1919 | D:3      | Noticed Robin
  1920 | D:3      | 1920 ||| Stepping ~*~*~tactically~*~*~ (stealth).
  1947 | D:3      | 1947 ||| Stepping ~*~*~tactically~*~*~ (hiding).
  1950 | D:3      | 1950 ||| INVOKING Berserk.
  1954 | D:3      | Killed Robin
  1955 | D:3      | Reached skill level 6 in Axes
  1955 | D:3      | Reached XP level 4. HP: 39/39 MP: 3/3
  2313 | D:3      | 2313 ||| Stepping ~*~*~tactically~*~*~ (stealth).
  2316 | D:3      | 2316 ||| Stepping ~*~*~tactically~*~*~ (stealth).
  2492 | D:3      | Noticed Ijyb
  2493 | D:3      | 2493 ||| INVOKING Berserk.
  2500 | D:3      | Paralysed by Ijyb for 2 turns
  2503 | D:3      | Killed Ijyb
  2600 | D:3      | Noticed Natasha
  2601 | D:3      | 2601 ||| INVOKING Berserk.
  2603 | D:3      | Killed Natasha
  2604 | D:3      | Reached skill level 7 in Axes
  2604 | D:3      | Reached XP level 5. HP: 45/45 MP: 4/4
  2758 | D:3      | Found a bloodstained altar of Trog.
  2850 | D:3      | Found the +7 Kryia's mail coat {PotionHeal*2 rC+}
  2971 | D:3      | Noticed Natasha
  2974 | D:3      | 2974 ||| INVOKING Berserk.
  2976 | D:3      | Killed Natasha
  3109 | D:3      | 3109 ||| UPGRADING to +0 pair of gloves.
  3114 | D:3      | 3114 ||| UPGRADING to +7 Kryia's mail coat {PotionHeal*2
                  | rC+}.
  3124 | D:3      | 3124 ||| DROPPING +0 ring mail.
  3125 | D:3      | 3125 ||| READING scroll labelled RYSTRO EMYZ AGG.
  3126 | D:3      | 3126 ||| DRINKING 3 metallic red potions.
  3127 | D:3      | 3127 ||| READING 2 scrolls of identify.
  3127 | D:3      | 3127 ||| IDENTIFYING fuming pink potion
  3397 | D:4      | Reached XP level 6. HP: 43/52 MP: 5/5
  3417 | D:4      | 3417 ||| FLEEEEING.
  3418 | D:4      | 3418 ||| FLEEEEING.
  3438 | D:4      | 3438 ||| Stepping ~*~*~tactically~*~*~ (stealth).
  3450 | D:4      | 3450 ||| Stepping ~*~*~tactically~*~*~ (stealth).
  3451 | D:4      | 3451 ||| Stepping ~*~*~tactically~*~*~ (stealth).
  3452 | D:4      | 3452 ||| Stepping ~*~*~tactically~*~*~ (stealth).
  3491 | D:4      | 3491 ||| INVOKING Berserk.
  4048 | D:4      | 4048 ||| DROPPING orb of guile.
  4049 | D:4      | 4049 ||| UPGRADING to +0 buckler.
  4054 | D:4      | 4054 ||| READING 4 scrolls of identify.
  4054 | D:4      | 4054 ||| IDENTIFYING clear potion
  4055 | D:4      | 4055 ||| READING 3 scrolls of identify.
  4055 | D:4      | 4055 ||| IDENTIFYING bubbling white potion
  4056 | D:4      | 4056 ||| READING 2 scrolls of identify.
  4056 | D:4      | 4056 ||| IDENTIFYING coppery potion
  4057 | D:4      | 4057 ||| DROPPING potion of brilliance.
  4058 | D:4      | 4058 ||| DROPPING potion of flight.
  4099 | D:5      | Entered Level 5 of the Dungeon
  4129 | D:5      | Reached skill level 1 in Shields
  4199 | D:5      | 4199 ||| INVOKING Berserk.
  4203 | D:5      | Reached skill level 3 in Shields
  4243 | D:5      | 4243 ||| Stepping ~*~*~tactically~*~*~ (stealth).
  4248 | D:5      | 4248 ||| Stepping ~*~*~tactically~*~*~ (stealth).
  4260 | D:5      | Reached skill level 8 in Axes
  4260 | D:5      | Reached XP level 7. HP: 47/59 MP: 6/6
  4277 | D:5      | 4277 ||| FLEEEEING.
  4287 | D:5      | 4287 ||| FLEEEEING.
  4288 | D:5      | 4288 ||| FLEEEEING.
  4289 | D:5      | 4289 ||| FLEEEEING.
  4299 | D:5      | 4299 ||| Stepping ~*~*~tactically~*~*~ (hiding).
  4427 | D:5      | 4427 ||| INVOKING Berserk.
  4431 | D:5      | Reached skill level 9 in Axes
  4553 | D:5      | 4553 ||| DROPPING +0 whip.
  4869 | D:5      | Found a radiant altar of Vehumet.
  5058 | D:5      | 5058 ||| READING 2 scrolls labelled FOC SYT ZIT.
  5059 | D:5      | 5059 ||| DRINKING 2 murky grey potions.
  5060 | D:5      | 5060 ||| READING 3 scrolls of identify.
  5060 | D:5      | 5060 ||| IDENTIFYING ruby potion
  5061 | D:5      | 5061 ||| READING 2 scrolls of identify.
  5061 | D:5      | 5061 ||| IDENTIFYING fizzy dark potion
  5062 | D:5      | 5062 ||| DROPPING potion of lignification.
  5063 | D:5      | 5063 ||| DROPPING potion of attraction.
  5064 | D:5      | 5064 ||| DROPPING scroll of butterflies.
  5107 | D:6      | 5107 ||| INVOKING Berserk.
  5198 | D:6      | 5198 ||| Stepping ~*~*~tactically~*~*~ (stealth).
  5332 | D:6      | 5332 ||| Stepping ~*~*~tactically~*~*~ (hiding).
  5545 | D:6      | Reached skill level 10 in Axes
  5593 | D:6      | 5593 ||| Stepping ~*~*~tactically~*~*~ (hiding).
  5720 | D:6      | Reached skill level 3 in Armour
  5720 | D:6      | Reached XP level 8. HP: 52/68 MP: 7/7
  5818 | D:6      | Reached *** piety under Trog
  5852 | D:6      | 5852 ||| Stepping ~*~*~tactically~*~*~ (stealth).
  5865 | D:6      | Reached skill level 6 in Fighting
  6624 | D:6      | 6624 ||| DRINKING 2 fizzy cyan potions.
  6625 | D:6      | 6625 ||| READING 3 scrolls of identify.
  6625 | D:6      | 6625 ||| IDENTIFYING metallic blue potion
  6626 | D:6      | 6626 ||| READING 2 scrolls of identify.
  6626 | D:6      | 6626 ||| IDENTIFYING gluggy clear potion
  6627 | D:6      | 6627 ||| DROPPING potion of berserk rage.
  6628 | D:6      | 6628 ||| DROPPING potion of ambrosia.
  6692 | D:7      | Reached skill level 11 in Axes
  6733 | D:7      | Noticed Maggie
  6744 | D:7      | HP: 13/70 [steam dragon] (5)]
  6744 | D:7      | HP: 3/70 [Maggie/bolt of fire (11)]
  6744 | D:7      | Killed from afar by a steam dragon

Levels and vault maps discovered:
D:1:      psy_arrival_whirlpool, layout_loops_ring, serial_shops,
          nicolae_shop_behind_doors, ebering_ecumenical_altar_mist,
          corexii_corridor_pit
D:2:      layout_loops_ring
D:3:      layout_loops_cross, trog_butcher_becter,
          mainiacjoe_overflow_small_starburst, uniq_ijyb, uniq_natasha,
          uniq_robin
D:4:      layout_cave_pods, minmay_quantized
D:5:      layout_basic, vehumet_altar_wand_db
D:6:      layout_layer_cave, due_unseen_surprise
D:7:      layout_basic, minmay_temple_entry_offerings, chequers_garden,
          nicolae_benzene_ring, corexii_item_surrounded_by_moat, uniq_maggie

Skill      XL: |  1  2  3  4  5  6  7  8 |
---------------+-------------------------+-----
Axes           | 4 5 6 7 8 10 11 | 11.1
Fighting       | 4 5 6 |  6.2
Throwing       | 2 |  2.1
Shields        | 3 |  3.2
Armour         | 3 |  3.5
Dodging        | |  2.1

Action                   |  1- 3 |  4- 6 |  7- 9 || total
-------------------------+-------+-------+-------++-------
Melee: Hand axe          |   114 |    92 |   128 ||   334
       Headbutt          |    16 |    10 |    19 ||    45
       Punch             |     1 |       |       ||     1
Throw: Javelin           |       |     6 |    13 ||    19
       Boomerang         |       |       |     1 ||     1
Invok: Berserk           |     1 |     5 |     2 ||     8
  Use: Scroll            |     3 |     5 |     5 ||    13
       Potion            |       |     1 |     2 ||     3
Armor: Animal skin       |     6 |       |       ||     6
       Ring mail         |    20 |     9 |       ||    29
       Scale mail        |       |    27 |    47 ||    74
Dodge: Dodged            |    50 |    44 |    59 ||   153
Block: Buckler           |       |     5 |    25 ||    30

Table legend:
 A = Non-vault XP
 B = Vault XP
 C = Vault XP percentage of total XP
 D = Non-vault monster count
 E = Vault monster count
 F = Vault count percentage of total count
                 A         B        C        D         E       F
            +---------+---------+-------+---------+---------+-------
      Total |    1955 |     221 |  10.2 |      96 |      22 |  18.6
            +---------+---------+-------+---------+---------+-------
        D:1 |      24 |       0 |   0.0 |      16 |       0 |   0.0
        D:2 |      34 |       0 |   0.0 |      20 |       0 |   0.0
        D:3 |      92 |     115 |  55.6 |      21 |      17 |  44.7
        D:4 |     140 |     105 |  42.9 |       6 |       4 |  40.0
        D:5 |     705 |       1 |   0.1 |      19 |       1 |   5.0
        D:6 |     707 |       0 |   0.0 |      12 |       0 |   0.0
        D:7 |     253 |       0 |   0.0 |       2 |       0 |   0.0
            +---------+---------+-------+---------+---------+-------
